 Dungeon Crawl Stone Soup version 0.30-a0-377-g5cb311bc9f (webtiles) character file.

Game seed: 13614775456358192333

142 Ijustatesigmund the Firebug (level 5, 37/37 HPs)
             Began as a Demonspawn Fire Elementalist on Nov 28, 2022.
             Quit the game on level 4 of the Dungeon.
             The game lasted 00:07:26 (3682 turns).

Ijustatesigmund the Firebug (DsFE)                  Turns: 3682, Time: 00:07:27

Health: 37/37      AC:  7    Str:  8    XL:     5   Next: 4%
Magic:  3/9        EV: 12    Int: 19    God:
Gold:   197        SH:  0    Dex: 13    Spells: 3/10 levels left

rFire   . . .      SeeInvis .    d - +1 hammer (protect)
rCold   . . .      Faith    .    (no shield)
rNeg    . . .      Spirit   .    a - +1 robe
rPois   .          Reflect  .    k - +0 helmet
rElec   .          Harm     .    f - +0 cloak
rCorr   .          Rampage  .    (no gloves)
Will    .....                    (no boots)
Stlth   ++........               h - amulet of magic regeneration
HPRegen 0.26/turn                (no ring)
MPRegen 0.51/turn                (no ring)

@: no status effects
A: hooves 2, slimy green scales 1
a: no special abilities


You were on level 4 of the Dungeon.
You visited 1 branch of the dungeon, and saw 4 of its levels.

You collected 197 gold pieces.

Inventory:

Hand Weapons
 d - a +1 hammer of protection (weapon)
Missiles
 i - 5 silver javelins
 j - 3 curare-tipped darts
Armour
 a - a +1 robe (worn)
 f - a +0 cloak (worn)
 k - a +0 helmet (worn)
Jewellery
 h - an amulet of magic regeneration (around neck)
Scrolls
 c - a scroll of silence
 g - 2 scrolls of identify
 m - a scroll of enchant armour
 o - a scroll of amnesia
Potions
 b - a potion of magic
 e - a potion of might
 l - a potion of curing
 n - 2 potions of attraction
 p - 2 potions of mutation


   Skills:
 - Level 1.2 Fighting
 - Level 1.7 Dodging
 - Level 1.7 Stealth
 + Level 3.1 Spellcasting
 + Level 2.8 Conjurations
 + Level 3.5 Fire Magic


You had 3 spell levels left.
You knew the following spells:

 Your Spells              Type           Power      Damage    Failure   Level
a - Foxfire               Conj/Fire      60%        2x1d7     4%          1
b - Scorch                Fire           32%        2d6       5%          2
c - Flame Wave            Conj/Fire      15%        2d7       38%         4

Your spell library contained the following spells:

 Spells                   Type           Power      Damage    Failure   Level
 Inner Flame              Hex/Fire       9%         N/A       22%         3
 Kindle Blastsparks       Fire/Tloc/Air  14%        2d11      28%         3
 Cause Fear               Hex            1%         N/A       83%         4
 Discord                  Hex            1%         N/A       100%        8


Dungeon Overview and Level Annotations

Branches:
Dungeon (4/15)
 Temple: D:4-7

Altars:


Innate Abilities, Weirdness & Mutations

You have hoof-like feet.
You are partially covered in slimy green scales. (AC +2)


Message History

Found a whip.
You now have 184 gold pieces (gained 7).
You now have 197 gold pieces (gained 13).
There is a large open door here.
You see here a +0 whip.
There is a stone staircase leading down here.
You see here a +0 robe.
Done exploring.
Done exploring.
(D) Dungeon
Where to? (Enter - D:3, ? - help)
You see here a +0 robe.
There is a stone staircase leading down here.
You climb downwards.
Found 11 gold pieces and a lumpy orange potion.
Found a stone staircase leading down.
There is a stone staircase leading up here.
There are monsters nearby!
Casting: Scorch (safe; 5% risk of failure)
Confirm with . or Enter, or press ? or * to list all spells.
Flames lash the worm.
The worm is moderately wounded.
The worm's fire resistance burns away.
Casting: Scorch (safe; 5% risk of failure)
Confirm with . or Enter, or press ? or * to list all spells.
Flames lash the worm.
The worm is burned terribly!
You kill the worm!
You have reached level 5!
Your demonic ancestry asserts itself...
Your feet thicken and deform.
Casting: Scorch (safe; 5% risk of failure)
Confirm with . or Enter, or press ? or * to list all spells.
Flames lash the worm.
The worm is heavily wounded.
The worm's fire resistance burns away.
Casting: Scorch (safe; 5% risk of failure)
Confirm with . or Enter, or press ? or * to list all spells.
Flames lash the worm.
The worm is burned terribly!
You kill the worm!
Are you sure you want to abandon this character and quit the game? (Confirm with "yes".)

...## ##.... .
...#.### .#
.##...#.## ..>
.........##....
#.............
###....†.......
......$@.......
...............
...............
.##...!........
##....#....##
##..###....#
### ...## ..##


There were no monsters in sight!

Vanquished Creatures
  Crazy Yiuf (D:3)
  An orc wizard (D:2)
  3 adders (D:2)
  3 worms
  A dart slug (D:2)
  3 orcs
  5 endoplasms
  3 giant cockroaches
  4 goblins
  6 hobgoblins
  3 kobolds
  A quokka (D:2)
  9 ball pythons
  3 bats (D:2)
  3 frilled lizards (D:2)
  A rat (D:2)
50 creatures vanquished.

Vanquished Creatures (others)
  87 foxfires
87 creatures vanquished.

Grand Total: 137 creatures vanquished

Notes
Turn   | Place    | Note
-------+----------+-------------------------------------------
     0 | D:1      | Ijustatesigmund the Demonspawn Fire Elementalist began the
                  | quest for the Orb.
     0 | D:1      | Reached XP level 1. HP: 13/13 MP: 3/3
   730 | D:1      | Gained mutation: You are partially covered in slimy green
                  | scales. (AC +2) [demonic ancestry]
   730 | D:1      | Reached XP level 2. HP: 13/20 MP: 0/5
  1175 | D:2      | Reached skill level 1 in Fighting
  1365 | D:2      | Gained mutation: You have large cloven feet. [demonic
                  | ancestry]
  1365 | D:2      | Reached XP level 3. HP: 17/26 MP: 1/6
  1465 | D:1      | Learned a level 2 spell: Scorch
  1843 | D:2      | Reached XP level 4. HP: 32/32 MP: 8/8
  2870 | D:3      | Learned a level 4 spell: Flame Wave
  2889 | D:3      | Found a runed translucent door.
  2890 | D:3      | Noticed Crazy Yiuf
  2903 | D:3      | Killed Crazy Yiuf
  3678 | D:4      | Gained mutation: You have hoof-like feet. [demonic
                  | ancestry]
  3678 | D:4      | Reached XP level 5. HP: 37/37 MP: 5/9
  3682 | D:4      | Quit the game

Illustrated notes

Levels and vault maps discovered:
D:1:      heliophobic_arrival_henge, layout_loops_corners
D:2:      layout_basic, serial_rivers, chequers_serial_rivers_room_b,
          chequers_serial_rivers_micro_c, chequers_serial_rivers_large_b,
          chequers_serial_rivers_small_3, kennysheep_generic_room_14
D:3:      layout_basic, nrook_mini_backslash, uniq_crazy_yiuf_cottage
D:4:      layout_cave_pools, nicolae_overflow_two_pavilions, roderic_batcave,
          chequers_mini_garden, kennysheep_minor_cross,
          hangedman_abyss_or_decor_lesser_grid, kennysheep_generic_room_10

Skill      XL: |  1  2  3  4 |
---------------+-------------+-----
Fighting       | 1 |  1.2
Fire Magic     | 3 |  3.5
Conjurations   | 2 |  2.8
Spellcasting   | 3 |  3.1
Dodging        | |  1.7
Stealth        | |  1.7

Action                   |  1- 3 |  4- 6 || total
-------------------------+-------+-------++-------
Melee: Mace              |     2 |       ||     2
       War axe           |    17 |     3 ||    20
       Kick              |     3 |       ||     3
Throw: Javelin           |     5 |       ||     5
 Cast: Foxfire           |    40 |    14 ||    54
       Scorch            |     5 |    19 ||    24
  Use: Scroll            |     4 |     8 ||    12
       Potion            |       |     2 ||     2
Armor: Robe              |    14 |     5 ||    19
Dodge: Dodged            |    27 |    15 ||    42

Table legend: (Time is in decaauts)
 A = Elapsed time spent in this place.
 B = Non-inter-level travel time spent in this place.
 C = Inter-level travel time spent in this place.
 D = Time resting spent in this place.
 E = Time spent auto-exploring this place.
 F = Levels seen in this place.
 G = Mean time per level.
                   A        B        C        D        E       F      G
               +--------+--------+--------+--------+--------+-----+--------+
         Total |   3728 |   3682 |     46 |   1080 |   2137 |   4 |  932.0 |
       Dungeon |   3728 |   3682 |     46 |   1080 |   2137 |   4 |  932.0 |
               +--------+--------+--------+--------+--------+-----+--------+

Top non-repeatable levels by time:
     D:1: 1513 daAuts
     D:2: 1356 daAuts
     D:3: 850 daAuts
     D:4: 7 daAuts
